 Dungeon Crawl Stone Soup version 0.22-a0-553-g9358b0b (webtiles) character file.

497 tsouns the Skirmisher (level 7, -3/50 HPs)
             Began as an Octopode Wanderer on June 25, 2018.
             Slain by a sky beast (6 damage)
             ... on level 4 of the Dungeon.
             The game lasted 00:15:01 (3139 turns).

tsouns the Skirmisher (Octopode Wanderer)           Turns: 3139, Time: 00:15:01

Health: -3/50      AC:  1    Str: 13    XL:     7   Next: 16%
Magic:  7/7        EV: 14    Int: 13    God:
Gold:   179        SH:  0    Dex: 13    Spells: 6/6 levels left

rFire    . . .     SeeInvis .   e - +0 blowgun
rCold    . . .     Gourm    .   (no shield)
rNeg     . . .     Faith    .   (helmet restricted)
rPois    .         Spirit   .   l - amulet of harm
rElec    .         Reflect  .   (no ring)
rCorr    .         Harm     +   (no ring)
MR       .....                  (no ring)
Stlth    ++++......             (no ring)
HPRegen  0.16/turn              (no ring)
MPRegen  0.10/turn              (no ring)
                                (no ring)
                                (no ring)

@: hasted, very quick
A: almost no armour, stealthy swim, amphibious, 8 rings, constrict 8, camouflage
1, gelatinous body 1
a: no special abilities


You were on level 4 of the Dungeon.
You were hungry.

You visited 1 branch of the dungeon, and saw 4 of its levels.

You collected 179 gold pieces.

Inventory:

Hand Weapons
 e - a +0 blowgun (weapon)
 g - a +0 hunting sling
Missiles
 d - 15 poisoned needles (quivered)
 k - 88 stones
 r - 13 bolts
 v - a throwing net
Jewellery
 l - an amulet of harm (around mantle)
Scrolls
 a - 2 scrolls of fear
 m - a scroll of fog
 n - 2 scrolls of random uselessness
 p - 2 scrolls of teleportation
 t - a scroll of amnesia
Potions
 b - 2 potions of berserk rage
 c - a potion of lignification
 i - 2 potions of agility
 s - 3 potions of curing
 w - 3 potions of mutation
Comestibles
 f - 10 rations
 h - 6 chunks of flesh


   Skills:
 + Level 5.2 Fighting
   Level 1.0 Axes
 - Level 3.0 Throwing
 + Level 3.4 Dodging
 + Level 4.6 Stealth
 + Level 3.9 Unarmed Combat


You had 6 spell levels left.
You didn't know any spells.
Your spell library was empty.

Dungeon Overview and Level Annotations

Branches:
Dungeon (4/15)
 Temple: D:4-7

Altars:
Cheibriados
Uskayaw


Innate Abilities, Weirdness & Mutations

You cannot wear most types of armour.
You are very stealthy in the water. (Stealth+)
You are amphibious.
You can wear up to eight rings at the same time.
You can use your tentacles to constrict eight enemies at once.
Your skin changes colour to match your surroundings (Stealth+).
Your rubbery body absorbs attacks. (AC +1, EV +1)


Message History

The sky beast shocks you.
* * * LOW HITPOINT WARNING * * *
Unknown command.
The sky beast flickers out of sight!
Deactivating autopickup; reactivate with Ctrl-A.
Things that are here:
a giant spiked club; an ogre skeleton A sky beast appears from thin air!
Reactivating autopickup.
There is an open door here.
The sky beast flickers out of sight!
Deactivating autopickup; reactivate with Ctrl-A.
A sky beast appears from thin air!
Reactivating autopickup.
You feel yourself speed up.
You are feeling hungry.
The sky beast hits you.
* * * LOW HITPOINT WARNING * * *
The sky beast shocks you.
You die...

*****####........................
,,,,,............................
*****####......).................
#........................
#...###'###..............
#...#.....#..............
#####..#..#..............
#.#≈#.#..............
#..#@.#..............
#..Y..#..............
#######..............
#...................
#...................
#...................
#...................
******#.......$...........
*,,,......................


You could see a sky beast.

Vanquished Creatures
  An ogre (D:4)
  A scorpion (D:2)
  2 hounds
  A bullfrog skeleton (D:4)
  Crazy Yiuf (D:2)
  Terence (D:2)
  A worker ant (D:4)
  4 gnolls (D:3)
  7 adders
  An ooze (D:4)
  3 worms
  A dart slug (D:2)
  3 leopard geckos
  9 bats
  8 giant cockroaches
  8 goblins
  8 hobgoblins
  4 jackals (D:1)
  2 quokkas (D:4)
  4 frilled lizards
  9 kobolds
  10 rats
89 creatures vanquished.

Notes
Turn   | Place    | Note
-------+----------+-------------------------------------------
     0 | D:1      | tsouns the Octopode Wanderer began the quest for the Orb.
     0 | D:1      | tsouns set off with: a scroll of fear, a potion of berserk rage, a potion of lignification, 14 poisoned needles, a +0 blowgun, a ration
     0 | D:1      | Reached XP level 1. HP: 17/17 MP: 1/1
    92 | D:1      | Reached XP level 2. HP: 21/22 MP: 2/2
   128 | D:1      | Reached skill level 1 in Stealth
   363 | D:1      | Reached XP level 3. HP: 22/27 MP: 3/3
   941 | D:2      | Noticed Terence
   960 | D:2      | Killed Terence
   960 | D:2      | Reached XP level 4. HP: 18/34 MP: 4/4
  1129 | D:2      | Found a snail-covered altar of Cheibriados.
  1262 | D:2      | Found a hide-covered altar of Uskayaw.
  1304 | D:2      | Reached XP level 5. HP: 34/38 MP: 5/5
  1515 | D:2      | Found a runed door.
  1520 | D:2      | Noticed Crazy Yiuf
  1555 | D:2      | Killed Crazy Yiuf
  2473 | D:3      | Reached XP level 6. HP: 35/45 MP: 6/6
  2760 | D:4      | Reached skill level 5 in Fighting
  3042 | D:4      | Reached XP level 7. HP: 50/50 MP: 7/7
  3120 | D:4      | HP: 1/50 [sky beast (7)]
  3139 | D:4      | Slain by a sky beast

Vault maps used:
D:1:      roderic_crossed_star, due_unseen_surprise
D:2:      nicolae_overflow_crystal_walls, cheibriados_altar_1,
          uniq_crazy_yiuf_cottage, uniq_terence
D:4:      grunt_temple_overflow_gold_and_silver, portal_sewer_entry_e,
          kennysheep_generic_room_13

Skill      XL: |  1  2  3  4  5  6 |
---------------+-------------------+-----
Stealth        | 1 2 3 4 |  4.6
Dodging        | 2 3 |  3.4
Throwing       | 3 |  3.0
Unarmed Combat | 3 |  3.9
Fighting       | 5 |  5.2
Axes           | |  1.0

Action                   |  1- 3 |  4- 6 |  7- 9 || total
-------------------------+-------+-------+-------++-------
Melee: Unarmed           |    44 |   107 |    12 ||   163
       Constrict         |    14 |    34 |     1 ||    49
       Tentacles         |     6 |    30 |     1 ||    37
       Punch             |     2 |     1 |       ||     3
 Fire: Blowgun           |    47 |    39 |     5 ||    91
Throw: Stone             |     1 |    13 |       ||    14
  Use: Potion            |       |     2 |     1 ||     3
       Scroll            |       |    11 |       ||    11
 Stab: Sleeping          |     7 |     6 |     1 ||    14
  Eat: Chunk             |       |     3 |       ||     3
       Ration            |       |     1 |       ||     1
Armor: Skin              |     3 |    14 |     1 ||    18
Dodge: Dodged            |    27 |    69 |     4 ||   100

Table legend:
 A = Spawn XP
 B = Non-spawn XP
 C = Spawn XP percentage of total XP
 D = Spawn monster count
 E = Non-spawn monster count
 F = Spawn count percentage of total count
 G = Total turns spent on level
                    A         B        C        D         E        F      G
               +---------+---------+-------+---------+---------+-------+---------
         Total |       0 |     711 |   0.0 |       0 |      89 |   0.0 |  3139
               +---------+---------+-------+---------+---------+-------+---------
           D:1 |       0 |      45 |   0.0 |       0 |      26 |   0.0 |   833
           D:2 |       0 |     237 |   0.0 |       0 |      27 |   0.0 |  1229
           D:3 |       0 |     147 |   0.0 |       0 |      24 |   0.0 |   687
           D:4 |       0 |     282 |   0.0 |       0 |      12 |   0.0 |   390
               +---------+---------+-------+---------+---------+-------+---------
